Map: Acropolis LE

Players

SHODAN - Winner!

  • Race: Terran Terran
  • League: Master
  • Spawn Location: 5:00

Vanya

  • Race: Zerg Zerg
  • League: Master
  • Spawn Location: 11:00

VOD

Have the link to the VOD?

Description

Time

  • Played on: July 25, 2019, 12:03 p.m.
  • Length: 21:19
Show
View Real Time Build Order
Export as new Build Order

SHODAN Terran - Winner!

Build Orders: Reaper Expand, Mech 

Get SALT Encoding   

  12  0:00  SCV  
  13  0:12  SCV  
  14  0:17  Supply Depot  
  14  0:25  SCV  
  15  0:40  SCV, Barracks  
  16  0:43  Refinery  
  16  0:52  SCV  
  17  1:04  SCV  
  18  1:16  SCV  
  19  1:27  Reaper  
  19  1:29  Orbital Command  
  20  1:42  Command Center  
  20  1:52  Supply Depot  
  20  1:54  SCV  
  20  1:59  Marine  
  22  2:06  SCV  
  23  2:12  Factory  
  23  2:15  Bunker  
  23  2:18  Marine  
  24  2:29  SCV  
  25  2:43  SCV  
  24  2:45  Marine  
  24  2:51  Refinery  
  23  2:55  SCV  
  23  3:00  Factory Tech Lab  
  23  3:03  Marine  
  24  3:07  SCV  
  24  3:11  Orbital Command  
  25  3:14  Starport  
  25  3:19  SCV  
  26  3:20  Marine  
  26  3:21  Cyclone  
  30  3:32  SCV  
  31  3:38  Marine, SCV  
  33  3:44  SCV  
  29  3:48  Orbital Command  
  29  3:50  SCV  
  27  3:56  Marine, SCV  
  26  4:08  Fusion Core  
  26  4:09  SCV  
  24  4:14  Marine  
  28  4:18  SCV  
  28  4:23  SCV  
  30  4:31  SCV  
  31  4:35  SCV  
  29  4:41  Refinery  
  29  4:43  SCV  
  30  4:48  SCV  
  31  4:55  SCV  
  31  4:56  Battlecruiser  
  38  5:00  SCV  
  39  5:07  SCV  
  39  5:11  Factory Reactor  
  39  5:13  SCV  
  41  5:18  Command Center  
  41  5:19  SCV  
  42  5:21  Supply Depot  
  42  5:25  SCV  
  42  5:27  Supply Depot  
  43  5:30  Weapon Refit  
  43  5:31  SCV  
  44  5:37  SCV  
  45  5:43  SCV  
  45  5:49  SCV  
  47  5:55  SCV  
  48  5:59  Supply Depot  
  48  6:00  Supply Depot  
  48  6:02  Factory Tech Lab  
  48  6:08  SCV  
  48  6:09  Marine x2  
  51  6:15  SCV  
  51  6:17  Refinery  
  52  6:20  SCV  
  53  6:26  Battlecruiser  
  53  6:27  SCV  
  53  6:31  Orbital Command  
  60  6:39  Siege Tank  
  63  6:43  SCV x2  
  65  6:49  Marine  
  65  6:50  Factory  
  66  6:55  SCV  
  67  7:02  SCV  
  67  7:03  Factory  
  68  7:10  Orbital Command  
  68  7:13  Siege Tank  
  68  7:14  SCV  
  68  7:15  Marine x2  
  73  7:17  Armory  
  73  7:18  Armory, SCV  
  75  7:26  SCV  
  76  7:30  SCV  
  77  7:37  SCV  
  77  7:38  SCV  
  77  7:42  SCV  
  80  7:49  SCV, Siege Tank  
  84  7:52  Factory Tech Lab  
  84  7:54  SCV  
  84  7:58  Engineering Bay, Battlecruiser  
  91  8:00  Hellion, Command Center  
  91  8:03  Refinery  
  93  8:06  Refinery  
  93  8:13  Supply Depot  
  93  8:14  Supply Depot  
  93  8:15  Terran Vehicle Weapons Level 1  
  93  8:21  Terran Vehicle And Ship Armor Level 1  
  93  8:22  SCV  
  93  8:23  Hellion x2  
  93  8:25  SCV  
  93  8:26  SCV  
  100  8:29  Bunker  
  100  8:33  Missile Turret  
  100  8:35  SCV  
  100  8:37  SCV, Supply Depot  
  100  8:38  SCV  
  103  8:43  Missile Turret  
  103  8:47  SCV  
  104  8:48  Missile Turret  
  104  8:49  SCV, Missile Turret  
  104  8:50  SCV  
  104  8:53  Missile Turret  
  106  8:59  SCV  
  106  9:01  Thor  
  113  9:04  Thor  
  113  9:07  SCV x2  
  121  9:11  SCV  
  123  9:19  SCV x2  
  123  9:23  SCV  
  125  9:25  Factory  
  125  9:26  Factory  
  125  9:27  Factory  
  125  9:32  SCV  
  125  9:33  SCV  
  125  9:37  Planetary Fortress  
  127  9:39  SCV  
  127  9:44  SCV  
  129  9:50  Missile Turret  
  127  9:53  Thor x2  
  127  9:55  SCV  
  140  10:01  Missile Turret  
  140  10:09  Supply Depot  
  140  10:10  Supply Depot  
  140  10:17  Refinery x2  
  140  10:21  Battlecruiser  
  140  10:22  Hellion x2, SCV x2  
  140  10:23  SCV  
  140  10:25  Factory Reactor, Factory Tech Lab x2  
  140  10:26  Terran Vehicle Weapons Level 2, Terran Vehicle And Ship Armor Level 2  
  140  10:27  SCV  
  154  10:39  SCV  
  154  10:40  SCV x3  
  151  10:48  Missile Turret x2  
  151  10:52  SCV x4  
  151  10:56  Missile Turret  
  155  10:59  Thor, Missile Turret x2  
  155  11:04  SCV x3  
  142  11:14  Hellion  
  142  11:15  Hellion x2, Thor  
  142  11:16  SCV x3  
  153  11:27  Command Center  
  153  11:33  SCV x2  
  153  11:34  SCV  
  153  11:37  Missile Turret  
  153  11:38  Missile Turret  
  156  11:40  Missile Turret  
  156  11:44  Infernal Pre-Igniter  
  156  11:45  SCV  
  157  11:52  Mag-Field Accelerator  
  157  11:56  Supply Depot  
  156  12:04  Missile Turret x2  
  156  12:12  Missile Turret  
  156  12:14  Missile Turret  
  156  12:18  Cyclone x3  
  156  12:19  Missile Turret  
  165  12:28  Liberator  
  165  12:31  Supply Depot x2  
  165  12:32  Supply Depot  
  165  12:39  Hellion x4, Cyclone  
  165  12:40  Starport  
  176  12:44  Starport  
  179  12:53  Hellion  
  179  12:55  Advanced Ballistics  
  177  13:01  Command Center  
  177  13:03  Command Center  
  162  13:14  Siege Tank x2  
  166  13:22  SCV x3  
  166  13:23  Terran Vehicle Weapons Level 3  
  170  13:32  Planetary Fortress  
  169  13:34  Refinery, SCV x2  
  169  13:35  Siege Tank  
  174  13:46  Missile Turret  
  174  13:50  Missile Turret  
  174  13:54  Starport Tech Lab, Starport Reactor  
  174  13:57  Starport Reactor  
  174  14:00  Siege Tank x2  
  180  14:06  Liberator  
  180  14:11  Missile Turret  
  183  14:25  Siege Tank x2  
  183  14:27  Hellion x4  
  197  14:43  Command Center  
  197  14:44  Command Center  
  197  14:47  Missile Turret  
  196  15:00  Planetary Fortress, Missile Turret  
  196  15:01  Missile Turret  
  196  15:06  Raven, Viking  
  200  15:17  Missile Turret  
  198  15:28  Planetary Fortress  
  198  15:30  Hellion  
  200  15:40  Viking  
  197  15:47  SCV x3  
  181  16:06  Hellion x3, Siege Tank x2  
  181  16:08  Orbital Command  
  168  16:13  Hellion x2, Thor  
  150  16:18  Liberator x2  
  145  16:30  SCV x5  
  145  16:31  Planetary Fortress  
  148  16:34  Thor  
  158  16:42  SCV x4  
  158  16:44  Cyclone x2  
  166  16:52  Liberator x2  
  162  16:55  SCV x2  
  162  16:57  Refinery  
  162  16:58  Refinery  
  162  17:01  SCV x2  
  141  17:21  Terran Ship Weapons Level 1, Terran Vehicle And Ship Armor Level 3  
  141  17:23  SCV x3  
  144  17:42  Thor, Siege Tank x2  
  156  17:56  Command Center  
  156  17:57  Command Center  
  156  18:00  Missile Turret  
  156  18:05  Missile Turret  
  156  18:08  Missile Turret  
  156  18:11  Refinery  
  156  18:12  Refinery  
  156  18:16  Liberator x2  
  153  18:30  Thor  
  153  18:31  Hellion, Thor  
  153  18:32  Hellion x2, Siege Tank x2  
  175  18:52  Hellion  
  168  19:00  Liberator x4  
  162  19:04  Cyclone x2  
  162  19:07  Command Center  
  163  19:14  Cyclone x2  
  174  19:30  Hellion  
  173  19:33  Smart Servos  
  173  19:36  Cyclone x2  
  176  19:46  Cyclone x2  
  179  19:53  SCV  
  179  19:56  Command Center  
  180  20:02  Starport  
  180  20:04  Starport, Command Center  
  177  20:08  Cyclone  
  162  20:16  Cyclone  
  162  20:17  Hellion x2  
  162  20:18  Cyclone  
  168  20:31  Hellion x3  
  156  20:45  Cyclone  
  156  20:46  Hellion x2  
  156  20:47  Starport Tech Lab x2  
Show
View Real Time Build Order
Export as new Build Order

Vanya Zerg 

Build Orders: Pool First, Muta Ling Bane 

Get SALT Encoding   

  12  0:00  Drone  
  13  0:12  Overlord  
  13  0:17  Drone  
  14  0:31  Drone x2  
  16  0:40  Spawning Pool  
  15  0:44  Drone  
  15  0:47  Drone  
  17  1:08  Hatchery  
  17  1:11  Drone  
  17  1:13  Extractor  
  16  1:27  Zergling x4  
  16  1:28  Zergling x2  
  16  1:32  Queen  
  21  1:43  Roach Warren  
  20  1:47  Drone  
  20  1:52  Drone  
  22  2:01  Overlord  
  22  2:26  Roach x3  
  28  2:33  Roach x2  
  31  2:42  Roach x2  
  35  2:49  Drone x2  
  35  2:53  Drone  
  36  3:03  Overlord  
  36  3:11  Spore Crawler  
  35  3:13  Ravager  
  37  3:22  Drone  
  37  3:23  Drone x5  
  43  3:30  Overlord  
  43  3:31  Drone  
  42  3:48  Drone x2  
  42  3:49  Drone x2  
  42  3:53  Drone  
  42  3:54  Drone  
  42  3:55  Drone  
  46  3:56  Drone  
  46  4:01  Drone  
  46  4:03  Drone  
  47  4:10  Drone  
  47  4:13  Hatchery  
  47  4:20  Zergling x2  
  46  4:24  Zergling x4  
  46  4:29  Overlord  
  46  4:33  Metabolic Boost  
  46  4:34  Queen x2  
  50  4:38  Overlord  
  50  4:50  Zergling x8  
  54  4:58  Overlord  
  54  4:59  Drone  
  55  5:01  Drone  
  55  5:03  Zergling x2  
  55  5:04  Zergling x4  
  59  5:09  Queen, Zergling x2  
  62  5:14  Lair  
  62  5:16  Overlord  
  62  5:17  Drone  
  63  5:26  Drone x3  
  66  5:29  Queen  
  68  5:40  Drone x2  
  68  5:41  Drone x2  
  72  5:43  Drone x2  
  72  5:49  Drone  
  75  5:50  Extractor, Drone x4  
  75  5:52  Extractor  
  75  5:53  Drone  
  75  5:54  Evolution Chamber x2  
  76  5:58  Drone x2  
  76  6:03  Drone  
  79  6:05  Queen x2  
  79  6:09  Spore Crawler  
  79  6:10  Spore Crawler  
  81  6:17  Drone  
  81  6:18  Drone x3  
  84  6:22  Drone  
  82  6:28  Drone  
  82  6:29  Drone x3  
  82  6:30  Drone  
  82  6:31  Drone  
  82  6:32  Drone  
  86  6:35  Drone  
  86  6:36  Drone x2  
  86  6:39  Drone x2  
  90  6:51  Extractor, Spire  
  88  6:54  Drone x2  
  88  6:55  Overlord  
  88  6:58  Extractor  
  88  7:01  Extractor  
  88  7:04  Drone  
  89  7:11  Overlord  
  89  7:12  Drone  
  89  7:15  Overlord  
  89  7:24  Overlord x2  
  89  7:30  Drone x2  
  89  7:31  Drone x3  
  89  7:32  Zergling x2  
  89  7:33  Zergling x4  
  89  7:34  Overlord  
  97  7:37  Overlord  
  96  7:44  Zergling x2  
  96  7:45  Zergling x10  
  101  7:51  Baneling Nest  
  101  7:53  Zerg Melee Weapons Level 1  
  101  7:54  Zerg Ground Armor Level 1, Drone  
  101  8:00  Hatchery  
  101  8:03  Mutalisk x6  
  101  8:04  Mutalisk  
  114  8:06  Zergling x4  
  114  8:10  Drone  
  117  8:13  Overlord  
  117  8:14  Zergling x2  
  117  8:15  Zergling x2  
  117  8:17  Zerg Flyer Weapons Level 1  
  117  8:18  Zergling x4  
  121  8:21  Zergling x2  
  121  8:22  Zergling x6  
  125  8:29  Zergling x4  
  125  8:34  Zergling x8  
  128  8:36  Centrifical Hooks  
  128  8:38  Baneling x10  
  128  8:41  Drone x2  
  133  8:42  Zergling x4  
  133  8:43  Zergling x2  
  133  8:47  Mutalisk  
  136  8:51  Drone x3  
  136  8:52  Mutalisk x2  
  136  8:55  Overlord  
  143  9:02  Extractor, Drone x2  
  144  9:04  Extractor  
  143  9:10  Mutalisk  
  143  9:12  Overlord x3  
  143  9:13  Mutalisk x2  
  149  9:17  Drone x2  
  149  9:19  Mutalisk  
  149  9:21  Zergling x2  
  149  9:22  Zergling x4  
  154  9:27  Mutalisk x2  
  158  9:31  Hatchery  
  158  9:36  Mutalisk  
  158  9:37  Overlord  
  158  9:38  Zergling x2  
  160  9:39  Zergling x12  
  163  9:48  Mutalisk x3  
  163  9:51  Overlord  
  163  9:52  Zergling x2  
  168  9:53  Zergling x10  
  173  10:03  Infestation Pit, Mutalisk x2  
  173  10:06  Overlord  
  174  10:14  Mutalisk x2  
  174  10:16  Overlord  
  174  10:18  Zergling x2  
  174  10:19  Zergling x12  
  185  10:21  Mutalisk  
  185  10:22  Mutalisk  
  189  10:31  Overlord  
  189  10:35  Mutalisk x3  
  191  10:41  Zergling x2  
  191  10:42  Zergling x6  
  199  10:44  Baneling  
  199  10:45  Baneling x8  
  199  10:48  Baneling x2  
  196  10:52  Drone  
  196  10:53  Drone x2  
  196  10:54  Baneling  
  196  10:55  Baneling x2  
  148  11:13  Zergling x24  
  148  11:15  Extractor  
  152  11:19  Extractor, Zergling x2  
  152  11:23  Neural Parasite  
  152  11:26  Burrow  
  152  11:32  Infestor x3  
  152  11:33  Infestor  
  152  11:35  Zergling x6  
  152  11:36  Zergling x4  
  152  11:38  Drone  
  152  11:39  Drone x2  
  168  11:42  Zerg Missile Weapons Level 1  
  168  11:53  Zerg Ground Armor Level 2  
  168  11:55  Infestor  
  168  11:56  Overlord, Hatchery  
  168  12:01  Infestor  
  171  12:04  Infestor  
  171  12:06  Overlord  
  171  12:07  Spine Crawler  
  168  12:09  Spine Crawler  
  168  12:10  Spine Crawler  
  166  12:16  Drone x2  
  166  12:17  Drone x2  
  166  12:18  Drone, Infestor x2  
  175  12:25  Zergling x6  
  175  12:26  Zergling x8  
  175  12:28  Infestor  
  175  12:31  Infestor x2  
  175  12:32  Infestor x7  
  175  12:34  Zergling x8  
  175  12:36  Baneling  
  175  12:37  Baneling x5  
  179  12:41  Baneling  
  179  12:42  Pathogen Glands, Baneling x7  
  179  12:44  Zergling x4  
  178  12:55  Zergling x8  
  176  12:59  Zergling x6  
  176  13:00  Zergling x2  
  180  13:11  Zergling x10  
  180  13:12  Zergling x24  
  153  13:24  Infestor  
  153  13:25  Infestor x5  
  159  13:33  Hive  
  159  13:34  Infestor  
  159  13:36  Overseer  
  159  13:38  Zerg Melee Weapons Level 2, Infestor x3  
  161  13:53  Infestor x4  
  169  13:55  Overlord  
  169  13:58  Overlord  
  169  14:01  Baneling  
  169  14:02  Baneling x9  
  169  14:09  Zergling x14  
  180  14:10  Zergling x10  
  180  14:11  Overlord  
  181  14:20  Infestor  
  181  14:21  Infestor x2  
  187  14:25  Overlord  
  187  14:28  Infestor  
  187  14:30  Zergling x6  
  187  14:31  Zergling x6  
  195  14:33  Baneling  
  195  14:34  Baneling x9  
  195  14:49  Baneling x10  
  195  14:56  Baneling x3  
  195  14:57  Baneling x3  
  195  15:00  Adrenal Glands  
  195  15:01  Greater Spire  
  192  15:18  Zergling x2  
  192  15:19  Zergling x24  
  194  15:22  Zergling x2  
  194  15:23  Hatchery, Zergling x4  
  194  15:25  Zergling x6  
  194  15:27  Overlord  
  199  15:29  Extractor  
  199  15:31  Zergling x2  
  199  15:34  Infestor x9  
  199  15:35  Infestor x6  
  199  15:36  Overlord  
  192  15:51  Zergling x2  
  192  15:52  Zergling x14  
  119  16:19  Zergling x28  
  119  16:20  Zergling x6  
  135  16:26  Infestor x2  
  135  16:30  Zergling x4  
  135  16:31  Zergling x2  
  135  16:32  Queen x3  
  145  16:40  Zergling x4  
  145  16:45  Zergling x6  
  138  16:48  Zergling x2  
  138  16:51  Infestor  
  115  17:03  Infestor x3  
  120  17:09  Drone x4  
  120  17:10  Drone  
  120  17:14  Infestor  
  120  17:15  Infestor  
  129  17:19  Infestor  
  129  17:21  Drone  
  132  17:30  Infestor x6  
  132  17:31  Hatchery  
  132  17:32  Infestor x2  
  132  17:35  Drone x3  
  132  17:36  Extractor  
  137  17:37  Extractor  
  137  17:42  Hatchery  
  137  17:43  Infestor x3  
  138  17:52  Drone x3  
  138  17:53  Drone x3  
  142  18:04  Infestor x3  
  148  18:12  Infestor x2  
  143  18:18  Infestor x2  
  148  18:24  Infestor x2  
  148  18:25  Infestor  
  130  18:56  Infestor x26  
  128  19:03  Drone  
  128  19:04  Drone x10  
  133  19:17  Infestor x7  
  133  19:18  Infestor x2  
  151  19:25  Infestor x9  
  151  19:26  Drone x2, Infestor x18  
  148  19:45  Drone x3  
  148  19:46  Drone x3  
  148  19:47  Drone x3  
  148  19:48  Drone x3  
  155  20:10  Zergling x2  
  155  20:11  Zergling x22  
  147  20:31  Infestor x6  
  132  20:36  Infestor x4  
  134  20:57  Drone  
Tags
 
Add a new tag
Caveats
  • Supply blocks, unpowered buildings, or Contaminate may cause inaccurate times.
  • Supply counts are checked every 10 seconds.